 Dungeon Crawl Stone Soup version 0.23.0 (webtiles) character file.

Game seed: 14347640554964091744

4459 HunterAntonescu the Carver (level 10, 0/94 HPs)
             Began as a Minotaur Fighter on Feb 16, 2019.
             Was a Believer of the Shining One.
             Slain by a troll (4 damage)
             ... on level 9 of the Dungeon.
             The game lasted 00:59:36 (6868 turns).

HunterAntonescu the Carver (Minotaur Fighter)       Turns: 6868, Time: 00:59:36

Health: 0/94       AC: 18    Str: 25    XL:     10   Next: 15%
Magic:  0/9        EV:  6    Int:  5    God:    the Shining One [**....]
Gold:   248        SH: 11    Dex:  9    Spells: 9/9 levels left

rFire    . . .     SeeInvis +   a - +1 long sword
rCold    . . .     Gourm    .   c - +0 shield
rNeg     + . .     Faith    .   E - +1 plate armour
rPois    .         Spirit   +   (helmet restricted)
rElec    .         Reflect  .   M - +1 cloak
rCorr    .         Harm     .   (no gloves)
MR       .....                  G - +0 pair of boots
Stlth    ..........             D - amulet of guardian spirit
HPRegen  0.25/turn              y - ring of flight
MPRegen  0.11/turn              P - ring of see invisible

@: glowing
A: retaliatory headbutt, horns 2
a: Divine Shield, Renounce Religion, Evoke Flight


You were on level 9 of the Dungeon.
You worshipped the Shining One.
The Shining One was pleased with you.
You were not hungry.

You visited 2 branches of the dungeon, and saw 10 of its levels.

You collected 410 gold pieces.
You spent 162 gold pieces at shops.

Inventory:

Hand Weapons
 a - a +1 long sword (weapon)
 o - a +1 dagger of venom
 H - a +1 hand axe of electrocution
 K - a +2 dagger of flaming
 L - a +2 quarterstaff of chaos
Missiles
 B - 6 steel tomahawks (quivered)
 C - 3 tomahawks
Armour
 c - a +0 shield (worn)
 E - a +1 plate armour (worn)
 G - a +0 pair of boots (worn)
 M - a +1 cloak (worn)
Magical Staves
 m - an uncursed staff of summoning {unknown}
Jewellery
 y - a ring of flight (left hand)
 D - an amulet of guardian spirit (around neck)
 P - a ring of see invisible (right hand)
Wands
 h - a wand of polymorph (7)
 p - a wand of digging (5)
 N - a wand of flame (17)
 Q - a wand of enslavement (17)
Scrolls
 g - 2 scrolls of remove curse
 i - 4 scrolls of enchant weapon
 l - 5 scrolls of teleportation
 q - a scroll of amnesia {unknown}
 t - 4 scrolls of identify
 w - 2 scrolls of enchant armour
 z - 4 scrolls of fog
 A - 4 scrolls of fear
 I - a scroll of vulnerability {unknown}
 O - a scroll of random uselessness {unknown}
Potions
 b - a potion of haste {unknown}
 d - 3 potions of might
 e - 2 potions of curing
 j - 2 potions of brilliance
 k - 2 potions of invisibility
 n - a potion of mutation {unknown}
 r - 3 potions of lignification
 s - 2 potions of flight
 u - a potion of agility {unknown}
 v - a potion of cancellation
 x - a potion of degeneration {unknown}
 F - 2 potions of berserk rage
 R - a potion of ambrosia {unknown}
Comestibles
 f - 11 rations


   Skills:
 * Level 10.4 Fighting
 * Level 10.9 Long Blades
 - Level 0.4 Throwing
 + Level 8.0 Armour
 - Level 1.8 Dodging
 + Level 7.7 Shields


You had 9 spell levels left.
You didn't know any spells.
Your spell library contained the following spells:

 Spells                   Type           Power        Failure   Level  Hunger
 Corona                   Hex            #......      100%        1    ##.....
 Freeze                   Ice            #...         100%        1    ##.....
 Infusion                 Chrm           #...         100%        1    ##.....
 Ensorcelled Hibernation  Hex/Ice        #.....       100%        2    ###....
 Shroud of Golubria       Chrm/Tloc      #.........   100%        2    ###....
 Song of Slaying          Chrm           #.......     100%        2    ###....
 Throw Frost              Conj/Ice       #.....       100%        2    ###....
 Confuse                  Hex            #.......     100%        3    ####...
 Dazzling Spray           Conj/Hex       #.....       100%        3    ####...
 Ozocubu's Armour         Chrm/Ice       #.......     100%        3    ####...
 Regeneration             Chrm/Necr      #.........   100%        3    ####...
 Spectral Weapon          Hex/Chrm       #.......     100%        3    ####...
 Tukima's Dance           Hex            #.......     100%        3    ####...
 Summon Ice Beast         Ice/Summ       #.......     100%        4    #####..
 Throw Icicle             Conj/Ice       #.......     100%        4    #####..


Dungeon Overview and Level Annotations

Branches:
Dungeon (9/15)             Temple (1/1) D:5
   Lair: D:8-11         Orc: D:9-12

Altars:
Ashenzari
Cheibriados
Dithmenos
Elyvilon
Fedhas
Gozag
Hepliaklqana
Kikubaaqudgha
Makhleb
Nemelex Xobeh
Okawaru
Qazlal
Ru
Sif Muna
Trog
Uskayaw
Vehumet
Wu Jian
Xom
Yredelemnul
Zin
The Shining One

Shops:
D:4 ?   D:7 *   D:8 !   D:9 :


Innate Abilities, Weirdness & Mutations

You reflexively headbutt those who attack you in melee.
You have a pair of horns on your head.


Message History

The troll barely misses you. You furiously retaliate!
You headbutt the troll!
You riposte.
You slash the troll!
The troll is severely wounded.
The troll claws you but does no damage. The troll claws you.
* * * LOW HITPOINT WARNING * * *
You hit the two-headed ogre.
The two-headed ogre is almost dead.
You block the two-headed ogre's attack.
The two-headed ogre hits you with a +0 giant spiked club!
* * * LOW HITPOINT WARNING * * *
The troll bites you but does no damage. The troll claws you.
* * * LOW HITPOINT WARNING * * *
The troll claws you but does no damage.
You slice the two-headed ogre!!
You kill the two-headed ogre!
Your Armour skill increases to level 8!
You have reached level 10!
The troll bites you but does no damage. The troll barely misses you.
The troll claws you.
You die...

#.# #.#
#.# #.#
#.#####..
#
#.......#
##
#T).....#
#. #@# #.
#.# #.
#.# ###
#.# #.#
#.# #..
#.# #..#
#.. #.#
#..# #..
#.# #..#
#.. #.#
#..# #..


You could see a troll.

Vanquished Creatures
  A two-headed ogre (D:9)
  A troll (D:9)
  5 black bears
  An orc warrior (D:6)
  3 sky beasts
  A necrophage (D:7)
  A phantom (D:7)
  4 ogres
  2 centaurs
  An eye of draining (D:9)
  2 big kobolds (D:9)
  2 bullfrogs
  3 scorpions
  6 killer bees (D:7)
  3 howler monkeys (D:9)
  4 crimson imps
  2 jellies
  2 hounds
  Crazy Yiuf (D:6)
  A bullfrog skeleton (D:5)
  5 orc priests
  4 iguanas
  10 orc wizards
  4 worker ants
  A killer bee zombie (D:5)
  2 hound zombies
  2 hound skeletons
  Robin (D:2)
  A worker ant zombie (D:9)
  9 adders
  A shadow imp (D:8)
  4 oozes
  4 dart slugs
  7 leopard geckos
  20 orcs
  A ball python (D:2)
  8 giant cockroaches
  20 goblins
  14 hobgoblins
  2 jackals (D:4)
  9 kobolds
  3 quokkas
  9 bats
  3 frilled lizards
  A giant cockroach zombie (D:6)
  A jackal skeleton (D:4)
  A jackal zombie (D:8)
  A quokka zombie (D:5)
  9 rats
203 creatures vanquished.

Notes
Turn   | Place    | Note
-------+----------+-------------------------------------------
     0 | D:1      | HunterAntonescu the Minotaur Fighter began the quest for
                  | the Orb.
     0 | D:1      | Reached XP level 1. HP: 19/19 MP: 0/0
    96 | D:1      | Reached XP level 2. HP: 27/27 MP: 1/1
   452 | D:1      | Reached XP level 3. HP: 32/33 MP: 2/2
   744 | D:2      | You fall through a shaft!
  1034 | D:2      | Reached XP level 4. HP: 27/41 MP: 3/3
  1065 | D:2      | Noticed Robin
  1082 | D:2      | Killed Robin
  1160 | D:2      | Reached skill level 1 in Dodging
  1315 | D:2      | Found a shattered altar of Ashenzari.
  1384 | D:2      | Found a snail-covered altar of Cheibriados.
  1673 | D:3      | Found a glowing golden altar of the Shining One.
  1678 | D:3      | Became a worshipper of the Shining One
  1767 | D:3      | Reached XP level 5. HP: 47/47 MP: 4/4
  1903 | D:3      | Found a sacrificial altar of Ru.
  2113 | D:4      | Found a sparkling altar of Nemelex Xobeh.
  2157 | D:4      | Reached skill level 5 in Long Blades
  2170 | D:4      | Reached XP level 6. HP: 20/55 MP: 5/5
  2345 | D:4      | Reached skill level 5 in Fighting
  2356 | D:4      | Found an opulent altar of Gozag.
  2526 | D:4      | Found Ughuhod's Magic Scroll Boutique.
  2534 | D:4      | Bought a scroll of fear for 42 gold pieces
  2534 | D:4      | Bought a scroll of teleportation for 36 gold pieces
  2534 | D:4      | Bought a scroll of fog for 24 gold pieces
  2841 | D:5      | Entered Level 5 of the Dungeon
  2997 | D:5      | Reached XP level 7. HP: 62/62 MP: 6/6
  3018 | D:5      | Reached skill level 5 in Armour
  3311 | D:5      | Reached * piety under the Shining One
  3406 | D:5      | Found a staircase to the Ecumenical Temple.
  3415 | Temple   | Entered the Ecumenical Temple
  4005 | D:5      | Reached skill level 5 in Shields
  4327 | D:6      | Reached XP level 8. HP: 62/71 MP: 5/7
  4349 | D:6      | Found a runed translucent door.
  4350 | D:6      | Noticed Crazy Yiuf
  4684 | D:6      | Found a shadowy altar of Dithmenos.
  4750 | D:6      | Killed Crazy Yiuf
  4874 | D:7      | Found a radiant altar of Vehumet.
  5130 | D:7      | Reached XP level 9. HP: 64/82 MP: 6/8
  5388 | D:7      | Found Nivo's Lightly-Used Armoury.
  5607 | D:7      | Found an iron altar of Okawaru.
  5856 | D:8      | Reached ** piety under the Shining One
  5895 | D:8      | Found Mili's Distillery.
  5903 | D:8      | Bought a potion of berserk rage for 60 gold pieces
  6003 | D:8      | Found a hazy altar of Hepliaklqana.
  6123 | D:8      | Found a flagged portal.
  6411 | D:9      | Reached skill level 10 in Long Blades
  6480 | D:9      | Found a bloodstained altar of Trog.
  6591 | D:9      | Reached skill level 10 in Fighting
  6631 | D:9      | Noticed a troll
  6652 | D:9      | Killed a troll
  6762 | D:9      | Found Woeschic's Book Emporium.
  6856 | D:9      | Noticed a two-headed ogre
  6858 | D:9      | Noticed a troll
  6867 | D:9      | HP: 4/85 [troll (2)]
  6868 | D:9      | Killed a two-headed ogre
  6868 | D:9      | Reached XP level 10. HP: 4/94 MP: 0/9
  6868 | D:9      | Slain by a troll

Skill      XL: |  1  2  3  4  5  6  7  8  9 |
---------------+----------------------------+-----
Fighting       | 4 5 6 8 10 | 10.4
Shields        | 4 5 6 7 |  7.7
Long Blades    | 3 4 5 6 7 9 10 | 10.9
Armour         | 4 5 6 8 |  8.0
Dodging        | 1 |  1.8
Throwing       | |  0.4

Action                   |  1- 3 |  4- 6 |  7- 9 | 10-12 || total
-------------------------+-------+-------+-------+-------++-------
Melee: Long sword        |   118 |   173 |   309 |       ||   600
       Headbutt          |    24 |    33 |    59 |       ||   116
Throw: Tomahawk          |       |     4 |    17 |       ||    21
Evoke: Wand              |       |       |     1 |       ||     1
  Use: Scroll            |     1 |     2 |     2 |       ||     5
       Potion            |       |     6 |     5 |       ||    11
  Eat: Ration            |     1 |     1 |     4 |       ||     6
Armor: Scale mail        |    26 |       |       |       ||    26
       Chain mail        |    25 |    79 |       |       ||   104
       Plate armour      |       |     4 |   173 |     1 ||   178
Dodge: Dodged            |    37 |    36 |    68 |     1 ||   142
Block: Shield            |    64 |    67 |   162 |       ||   293
       Rpst.: Long sword |    12 |     4 |    22 |       ||    38
